 Dungeon Crawl Stone Soup version 0.26.0-45-g9c1d065592 (webtiles) character file.

Game seed: 15760375099929630553

795 trckry the Bolt Thrower (level 7, -6/41 HPs)
             Began as a Tengu Hunter on Jan 30, 2021.
             Was an Initiate of Okawaru.
             Killed by nerve-wracking pain
             ... invoked by Menkaure
              (11 damage)
             ... on level 5 of the Dungeon.
             The game lasted 00:12:56 (6738 turns).

trckry the Bolt Thrower (Tengu Hunter)              Turns: 6738, Time: 00:12:57

Health: -6/41      AC:  4    Str: 14      XL:     7   Next: 89%
Magic:  18/18      EV: 13    Int: 12      God:    Okawaru [......]
Gold:   120        SH:  0    Dex:  2 (14) Spells: 6/6 levels left

rFire    . . .     SeeInvis .   b - +0 quarterstaff
rCold    + . .     Faith    .   (shield currently unavailable)
rNeg     . . .     Spirit   .   n - +1 leather armour
rPois    .         Reflect  .   (helmet restricted)
rElec    .         Harm     .   (no cloak)
rCorr    .         Rampage  .   (no gloves)
Will     .....                  (boots unavailable)
Stlth    +.........             (no amulet)
HPRegen  0.13/turn              l - ring of protection from cold
MPRegen  0.16/turn              f - ring of magical power

@: flying quickly and evasively, quick
A: beak, talons 3, able to fly
a: Renounce Religion


You were on level 5 of the Dungeon.
You worshipped Okawaru.
Okawaru was noncommittal.
You visited 2 branches of the dungeon, and saw 6 of its levels.

You collected 165 gold pieces.
You spent 45 gold pieces at shops.

Inventory:

Hand Weapons
 a - a +1 hand crossbow
 b - a +0 quarterstaff (weapon)
 c - a +1 short sword of venom
Missiles
 d - 7 bolts
 e - 32 poisoned darts (quivered)
Armour
 n - a +1 leather armour (worn)
Jewellery
 f - a ring of magical power (right hand)
 l - a ring of protection from cold (left hand)
Scrolls
 i - 5 scrolls of identify
 j - a scroll of enchant weapon {unknown}
Potions
 g - a potion of lignification
 h - 2 potions of haste
 k - 3 potions of curing
 m - a potion of attraction


   Skills:
 + Level 3.3 Fighting
 + Level 3.0 Staves
 * Level 6.5 Crossbows
 + Level 2.8 Armour
 + Level 3.7 Dodging
 - Level 1.0 Stealth
 + Level 2.5 Invocations
 + Level 2.8 Evocations


You had 6 spell levels left.
You didn't know any spells.
Your spell library was empty.

Dungeon Overview and Level Annotations

Branches:
Dungeon (5/15)             Temple (1/1) D:5

Altars:
Ashenzari
Cheibriados
Dithmenos
Elyvilon
Fedhas
Kikubaaqudgha
Makhleb
Okawaru
Qazlal
Ru
Sif Muna
Trog
Uskayaw
Vehumet
Wu Jian
Xom
Yredelemnul
The Shining One

Shops:
D:5 =(}

Annotations:
D:5 Menkaure, Pikel


Innate Abilities, Weirdness & Mutations

You have a beak for a mouth.
You have claws for feet.
You can fly continuously.


Message History

b - a +0 quarterstaff (weapon)
You hit Menkaure. You peck Menkaure, but do no damage.
Menkaure is lightly damaged.
Menkaure barely misses you.
Menkaure blazes with dark energy!
Menkaure calls on the powers of darkness!
Your body is wracked with pain!
You hit Menkaure.
Menkaure is moderately damaged.
Menkaure casts a spell at you.
You struggle to resist.
You hit Menkaure but do no damage. You peck Menkaure.
Menkaure is heavily damaged.
Menkaure hits you!!
* * * LOW HITPOINT WARNING * * *
Menkaure barely misses you.
You see here a ring mail.
Menkaure casts a spell at you. Pain shoots through your body!
You die...

#.# ... #..
#.# .# #.#
#.# .# #.#
#.#### #...
..#
#....##.....
###
###.........
#''#####.
#..# #.@#
#..# #.M#
#.[# #..#
#..# #..#
.##. #. .


You could see Menkaure (fast).

Vanquished Creatures
  2 ogres
  A lemure (D:5)
  A water moccasin skeleton (D:4)
  A scorpion (D:5)
  A howler monkey (D:4)
  A hound (D:4)
  A quasit (D:5)
  A centaur skeleton (D:4)
  2 orc priests (D:4)
  A bullfrog skeleton (D:4)
  2 iguanas
  3 worker ants
  3 gnolls (D:2)
  6 adders
  A shadow imp (D:5)
  An ufetubus (D:5)
  2 oozes
  3 worms
  2 dart slugs (D:2)
  3 leopard geckos
  5 orcs (D:4)
  3 giant cockroaches
  4 goblins
  6 hobgoblins
  6 jackals
  12 bats
  6 frilled lizards
  9 kobolds
  A quokka skeleton (D:4)
  10 rats
100 creatures vanquished.

Notes
Turn   | Place    | Note
-------+----------+-------------------------------------------
     0 | D:1      | trckry the Tengu Hunter began the quest for the Orb.
     0 | D:1      | Reached XP level 1. HP: 12/12 MP: 2/2
   478 | D:1      | Reached XP level 2. HP: 17/17 MP: 3/3
  1066 | D:2      | Reached XP level 3. HP: 21/21 MP: 4/4
  1201 | D:2      | HP: 3/21 [poisoned by an adder]
  1209 | D:2      | HP: 2/21 [poisoned by an adder]
  1581 | D:2      | Reached skill level 1 in Invocations
  1721 | D:2      | Reached skill level 1 in Evocations
  1725 | D:2      | Reached skill level 1 in Staves
  1888 | D:2      | Found a shadowy altar of Dithmenos.
  1892 | D:2      | Reached XP level 4. HP: 26/26 MP: 5/5
  1914 | D:2      | Reached skill level 1 in Armour
  1925 | D:2      | HP: 3/26 [poisoned by an adder]
  1930 | D:2      | HP: 3/26 [poisoned by an adder]
  1936 | D:2      | HP: 2/26 [poisoned by an adder]
  1942 | D:2      | HP: 1/26 [poisoned by an adder]
  1948 | D:2      | HP: 1/26 [poisoned by an adder]
  2314 | D:2      | Reached skill level 5 in Crossbows
  2433 | D:2      | Gained mutation: You can fly continuously. [Tengu growth]
  2433 | D:2      | Reached XP level 5. HP: 31/31 MP: 6/6
  3708 | D:4      | Noticed an ogre
  3713 | D:4      | Killed an ogre
  3714 | D:4      | Reached XP level 6. HP: 36/36 MP: 8/8
  4406 | D:4      | Reached skill level 6 in Crossbows
  4406 | D:4      | Reached XP level 7. HP: 30/41 MP: 9/9
  5262 | D:5      | Entered Level 5 of the Dungeon
  5384 | D:5      | Found a staircase to the Ecumenical Temple.
  5401 | Temple   | Entered the Ecumenical Temple
  5407 | Temple   | Became a worshipper of Warmaster Okawaru
  5561 | D:5      | Found Uqaileo's Weapon Emporium.
  5820 | D:5      | Found Bucwoaw's Gadget Emporium.
  5850 | D:5      | Found Waefenan's Jewellery Shop.
  5855 | D:5      | Bought a cursed ring of attention for 45 gold pieces
  6202 | D:5      | Noticed Pikel
  6485 | D:5      | Found a burning altar of Makhleb.
  6727 | D:5      | Noticed Menkaure
  6735 | D:5      | HP: 4/41 [Menkaure (18)]
  6738 | D:5      | Killed from afar by Menkaure

Illustrated notes

Levels and vault maps discovered:
D:1:      arrival_zaba_pyramid, layout_basic, amcnicky_mini_pool_small,
          chequers_serial_rivers_small_a
D:2:      layout_basic, old_standard_altar
D:3:      layout_loops_ring, grunt_ministairs_10
D:4:      layout_basic, corexii_item_surrounded_by_moat
D:5:      kennysheep_big_flooded_room, layout_loops_corners,
          lemuel_crystal_altar, minmay_temple_entry_glassed_door, serial_shops,
          nicolae_shop_window_shopping, shop, shop, shop, uniq_pikel,
          uniq_menkaure
Temple:   eino_temple_rhombus

Skill      XL: |  1  2  3  4  5  6  7 |
---------------+----------------------+-----
Invocations    | 1 2 |  2.5
Evocations     | 1 2 |  2.8
Staves         | 1 2 3 |  3.0
Armour         | 1 2 |  2.8
Crossbows      | 5 6 |  6.5
Dodging        | 3 |  3.7
Fighting       | 3 |  3.3
Stealth        | |  1.0

Action                   |  1- 3 |  4- 6 |  7- 9 || total
-------------------------+-------+-------+-------++-------
Melee: Short sword       |    90 |   102 |    91 ||   283
       Kick              |    23 |    25 |    16 ||    64
       Peck              |     8 |    13 |    17 ||    38
       Quarterstaff      |       |       |     3 ||     3
 Fire: Hand crossbow     |     8 |    39 |    19 ||    66
 Abil: Fly               |       |     1 |       ||     1
  Use: Potion            |       |     5 |     2 ||     7
       Scroll            |       |     5 |     3 ||     8
 Stab: Sleeping          |     6 |     1 |       ||     7
Armor: Leather armour    |    21 |    19 |    36 ||    76
Dodge: Dodged            |    64 |    77 |   110 ||   251
